 Dungeon Crawl Stone Soup version 0.19.1-1-g22dce08 (webtiles) character file.

90 Jynx the Gusty (level 4, -1/27 HPs)
             Began as a High Elf Air Elementalist on Jan 14, 2017.
             Slain by a gnoll
             ... wielding a +0 spear
              (3 damage)
             ... on level 2 of the Dungeon.
             The game lasted 00:04:16 (2101 turns).

Jynx the Gusty (High Elf Air Elementalist)          Turns: 2101, Time: 00:04:17

Health: -1/27      AC:  2    Str:  8    XL:     4   Next: 32%
Magic:  1/10       EV: 13    Int: 18    God:
Gold:   52         SH:  0    Dex: 16    Spells: 4 memorised, 1 level left

rFire  . . .     SeeInvis .     f - +1 short sword (elec)
rCold  . . .     Gourm    .     a - +0 robe
rNeg   . . .     Faith    .     (no shield)
rPois  .         Spirit   .     (no helmet)
rElec  .         Reflect  .     (no cloak)
rCorr  .         Harm     .     (no gloves)
MR     .....                    (no boots)
Stlth  ++........               (no amulet)
                                (no ring)
                                (no ring)

@: swift, very slightly contaminated, quick
A: no striking features
a: no special abilities


You were on level 2 of the Dungeon.
You were hungry.

You visited 1 branch of the dungeon, and saw 2 of its levels.

You collected 52 gold pieces.

Inventory:

Hand Weapons
 f - a +1 short sword of electrocution (weapon)
Armour
 a - a +0 robe (worn)
Wands
 e - a wand of acid (10/15)
Scrolls
 l - a scroll of teleportation {unknown}
Potions
 d - a potion of curing
 i - a potion of berserk rage {unknown}
 k - a potion of cure mutation {unknown}
Books
 b - a book of Air

   Spells                             Type                      Level
   a - Shock                          Conjuration/Air              1
   b - Swiftness                      Charms/Air                   2
   c - Repel Missiles                 Charms/Air                   2
   d - Static Discharge               Conjuration/Air              3
   e - Lightning Bolt                 Conjuration/Air              5
Comestibles
 c - a bread ration
 g - a meat ration
 h - 2 chunks of flesh


   Skills:
 - Level 2.1 Dodging
 - Level 2.1 Stealth
 + Level 3.4 Spellcasting
 + Level 2.1 Conjurations
 * Level 5.1 Air Magic


You had one spell level left.
You knew the following spells:

 Your Spells              Type           Power        Failure   Level  Hunger
a - Shock                 Conj/Air       ###.         3%          1    None
b - Repel Missiles        Chrm/Air       ##....       12%         2    ##.....
c - Swiftness             Chrm/Air       ##......     12%         2    ##.....
d - Static Discharge      Conj/Air       ###.....     12%         3    ###....


Dungeon Overview and Level Annotations

Branches:
Dungeon (2/15)

Altars:


Message History

* * * LOW HITPOINT WARNING * * *
As you read the scroll of fear, it crumbles to dust.
You assume a fearsome visage.
The gnoll looks frightened! x2
A gnoll comes into view. It is wielding a spear.
The gnoll shouts!
Some of the chunks of flesh in your inventory have rotted away.
You are feeling hungry.
There is an open door here.
The gnoll hits you from afar with a spear.
* * * LOW HITPOINT WARNING * * *
Casting: Shock
Confirm with . or Enter, or press ? or * to list all spells.
You miscast Swiftness.
You are very lightly contaminated with residual magic.
The wind howls around you!
Casting: Swiftness
Confirm with . or Enter, or press ? or * to list all spells.
You feel quick.
The gnoll hits you from afar with a spear.
You die...

....#############.#'#######
................g.#.#
....###############.# ....#
#<......#.# #####
#...###.#.# #.#.###.#.#
#......(#.# #.#...#####.#
#.......@.g.#
.....(######### #######


You could see a gnoll.

Vanquished Creatures
  2 gnolls
  2 adders (D:2)
  A worm (D:2)
  3 dart slugs (D:1)
  3 leopard geckos (D:1)
  A giant cockroach (D:1)
  6 goblins (D:1)
  5 hobgoblins
  5 bats (D:1)
  7 frilled lizards
  4 kobolds (D:1)
  6 rats
45 creatures vanquished.

Notes
Turn   | Place    | Note
-------+----------+-------------------------------------------
     0 | D:1      | Jynx the High Elf Air Elementalist began the quest for the Orb.
     0 | D:1      | Reached XP level 1. HP: 11/11 MP: 4/4
   566 | D:1      | Reached XP level 2. HP: 16/17 MP: 4/6
   570 | D:1      | Reached skill level 4 in Air Magic
   759 | D:1      | Reached XP level 3. HP: 3/21 MP: 1/8
  1767 | D:2      | Learned a level 2 spell: Repel Missiles
  1770 | D:2      | Learned a level 2 spell: Swiftness
  1774 | D:2      | Learned a level 3 spell: Static Discharge
  1903 | D:2      | Reached skill level 5 in Air Magic
  1906 | D:2      | Reached XP level 4. HP: 27/27 MP: 3/9
  2101 | D:2      | Slain by a gnoll

Skill      XL: |  1  2  3  4 |
---------------+-------------+-----
Air Magic      | 4 5 |  5.1
Spellcasting   | 3 |  3.4
Conjurations   | 2 |  2.1
Dodging        | |  2.1
Stealth        | |  2.1

Action                   |  1- 3 |  4- 6 || total
-------------------------+-------+-------++-------
Melee: Short sword       |    26 |    11 ||    37
       Unarmed           |     5 |       ||     5
 Cast: Shock             |    78 |    17 ||    95
       Swiftness         |       |     1 ||     1
  Use: Scroll            |     2 |     1 ||     3
  Eat: Chunk             |     3 |       ||     3
Armor: Robe              |    11 |     1 ||    12
Dodge: Dodged            |    25 |    11 ||    36
